 Dungeon Crawl Stone Soup version 0.32-a0-656-g3542139ebd (webtiles) character file.

Game seed: 9718747118509175020

51 gimp the Chopper (level 3, -1/31 HPs)
             Began as a Mountain Dwarf Gladiator on Mar 9, 2024.
             Incinerated by a bombardier beetle (4 damage)
             ... with a burning spray
             ... on level 3 of the Dungeon.
             The game lasted 00:01:40 (1555 turns).

gimp the Chopper (Mountain Dwarf Gladiator)         Turns: 1555, Time: 00:01:41

Health: -1/31      AC:  4    Str: 18    XL:     3   Next: 57%
Magic:  3/3        EV: 11    Int:  8    God:
Gold:   89         SH:  0    Dex: 11    Spells: 2/2 levels left

rFire   . . .        a - +0 war axe
rCold   . . .        (no shield)
rNeg    . . .        b - +0 leather armour
rPois   .            c - +0 helmet
rElec   .            (no cloak)
rCorr   .            (no gloves)
SInv    .            (no boots)
Will    .....        (no amulet)
Stlth   +            (no ring)
HPRegen 0.25/turn    (no ring)
MPRegen 0.08/turn

%: no passive effects
@: on fire, glowing
A: runic magic, artefact enchanting
a: no special abilities


You were on level 3 of the Dungeon.
You visited 1 branch of the dungeon, and saw 3 of its levels.

You collected 89 gold pieces.

Inventory:

Hand Weapons
 a - a +0 war axe (weapon)
Missiles
 d - 3 throwing nets
 e - a javelin
Armour
 b - a +0 leather armour (worn)
 c - a +0 helmet (worn)
Wands
 o - a wand of digging (4)
Scrolls
 i - 2 scrolls of immolation {unknown}
 k - 3 scrolls of identify {unknown}
 l - 2 scrolls of amnesia {unknown}
 n - 2 scrolls of teleportation {unknown}
 p - a scroll of vulnerability {unknown}
Potions
 f - a potion of degeneration {unknown}
 g - 2 potions of ambrosia {unknown}
 h - a potion of haste {unknown}
 j - 2 potions of mutation {unknown}
 m - a potion of brilliance {unknown}
 q - a potion of attraction {unknown}


   Skills:
 + Level 3.1 Fighting
 * Level 5.0 Axes
 - Level 1.5 Throwing
 - Level 2.1 Dodging


You had 2 spell levels left.
You didn't know any spells.
Your spell library contained the following spells:

 Spells                   Type           Power      Damage    Failure   Level
 Scorch                   Fire           0%         2d5       56%         2
 Flame Wave               Conj/Fire      0%         2d4       99%         4
 Summon Cactus Giant      Summ           0%         N/A       100%        6


Dungeon Overview and Level Annotations

Branches:
Dungeon (3/15)

Altars:
Elyvilon

Shops:
D:1 (

Annotations:
D:3 2 transporters, ytrimaz's ghost, amateur OpSh


Innate Abilities, Weirdness & Mutations

Your spellcasting is much less encumbered by armour.
You can use scrolls of enchantment on lesser artefacts.


Message History

No target in view!
Found a glowing dark potion.
The endoplasm hits you but does no damage.
You hit the endoplasm.
You kill the endoplasm!
No target in view!
No target in view!
p - a scroll labelled COHEEHOSTI
q - a glowing dark potion
There is a stone staircase leading down here.
Found a sling.
You now have 80 gold pieces (gained 1).
k - 3 scrolls labelled AMAICUBIST (gained 1)
A frilled lizard comes into view.
The frilled lizard hisses angrily.
You hear a shout!
A goblin comes into view. It is wielding a +0 club.
There are monsters nearby!
There are monsters nearby!
There are monsters nearby!
Found a scroll labelled YGHUCO ZARYEMPIPI.
The kobold shouts!
The frilled lizard misses you.
You slash the frilled lizard!
You kill the frilled lizard!
Found a club and 5 stones.
The goblin shouts!
The goblin misses you.
You hit the goblin but do no damage. The goblin closely misses you.
You hit the goblin.
You kill the goblin!
No reachable target in view!
No reachable target in view!
You see here a +0 club.
Found a stone staircase leading down.
Ytrimaz's ghost turns its malevolent gaze towards you.
You now have 89 gold pieces (gained 9).
The rat squeaks loudly.
Found a stone staircase leading up.
An adder comes into view.
An adder is nearby!
An adder is nearby!
An adder is nearby!
The adder hisses angrily.
You hit the adder but do no damage. The adder closely misses you.
The adder bites you.
You take 4 damage, and have 27/31 hp.
You slash the adder!
The adder is severely wounded.
The adder closely misses you.
You slash the adder!
You kill the adder!
Your Axes skill increases to level 5!
No target in view!
No target in view!
HP restored.
Found a transporter.
Health restored: 31
Found a transporter.
Ytrimaz's ghost keens inconsolably.
A bombardier beetle comes into view.
A bombardier beetle is nearby!
A bombardier beetle is nearby!
A bombardier beetle is nearby!
Found a war axe.
The bombardier beetle sprays incendiary fluid at you.
The burning spray hits you.
You are covered in liquid fire!
You barely miss the bombardier beetle. The liquid fire burns you!
The bombardier beetle bites you.
You take 5 damage, and have 26/31 hp.
Unknown command.
You barely miss the bombardier beetle. The liquid fire burns you!
You take 5 damage, and have 21/31 hp.
You hit the bombardier beetle.
The bombardier beetle is moderately wounded.
The liquid fire burns you!
The bombardier beetle sprays incendiary fluid at you.
The burning spray hits you.
You are even more covered in liquid fire!
You take 6 damage, and have 15/31 hp.
You hit the bombardier beetle.
The bombardier beetle is severely wounded.
The liquid fire burns you!
The bombardier beetle sprays incendiary fluid at you.
The burning spray hits you.
You are even more covered in liquid fire!
You take 5 damage, and have 10/31 hp.
You shake off some of the fire as you move.
The liquid fire burns you!
* * * LOW HITPOINT WARNING * * *
You take 3 damage, and have 7/31 hp.
You shake off some of the fire as you move.
The liquid fire burns you!
* * * LOW HITPOINT WARNING * * *
You take 4 damage, and have 3/31 hp.
You shake off some of the fire as you move.
The liquid fire burns you!
You die...

### ######### ##.##
....#...## ##...##
#......#####.....##
#......##.........#
#...B..@..##.....##
.)...#...#######...##
##. ##### ##.## #..#
##.# #.# ##.#####
###......# #........#


You could see a bombardier beetle.

Vanquished Creatures
  An adder (D:3)
  A ball python (D:1)
  2 bats
  5 endoplasms
  2 giant cockroaches
  6 goblins
  5 hobgoblins
  4 jackals (D:1)
  2 kobolds
  2 quokkas (D:2)
  3 frilled lizards
  3 rats
36 creatures vanquished.

Notes
Turn   | Place    | Note
-------+----------+-------------------------------------------
     0 | D:1      | gimp the Mountain Dwarf Gladiator began the quest for the
                  | Orb.
     0 | D:1      | Reached XP level 1. HP: 17/17 MP: 1/1
    54 | D:1      | Found Quud's Antique Weapon Emporium.
   291 | D:1      | Reached skill level 4 in Axes
   303 | D:1      | Reached XP level 2. HP: 16/25 MP: 2/2
   935 | D:2      | Found a white marble altar of Elyvilon.
   946 | D:2      | Reached XP level 3. HP: 29/30 MP: 3/3
  1425 | D:3      | Noticed ytrimaz's ghost (amateur OpSh)
  1457 | D:3      | Reached skill level 5 in Axes
  1504 | D:3      | Found a transporter.
  1510 | D:3      | Found a transporter.
  1555 | D:3      | Incinerated by a bombardier beetle

Illustrated notes

Levels and vault maps discovered:
D:1:      sevenhm_arrival_forest_fort_large_2, layout_loops_ring, serial_shops,
          shop, minmay_split_cup_small
D:2:      layout_rooms, basic_altar
D:3:      layout_loops_cross, gammafunk_ghost_arena, hex_tiny

Skill      XL: |  1  2  3 |
---------------+----------+-----
Axes           | 4 5 |  5.0
Fighting       | 3 |  3.1
Throwing       | |  1.5
Dodging        | |  2.1

Action                     || total
---------------------------++-------
  Melee: War axe           ||    88
 Armour: Leather armour    ||    51
  Dodge: Dodged            ||    66

Table legend: (Time is in decaauts)
 A = Elapsed time spent in this place.
 B = Non-inter-level travel time spent in this place.
 C = Inter-level travel time spent in this place.
 D = Time resting spent in this place.
 E = Time spent auto-exploring this place.
 F = Levels seen in this place.
 G = Mean time per level.
                   A        B        C        D        E       F      G
               +--------+--------+--------+--------+--------+-----+--------+
         Total |   1579 |   1523 |     56 |      0 |   1250 |   3 |  526.3 |
       Dungeon |   1579 |   1523 |     56 |      0 |   1250 |   3 |  526.3 |
               +--------+--------+--------+--------+--------+-----+--------+

Top non-repeatable levels by time:
     D:1: 878 daAuts
     D:2: 455 daAuts
     D:3: 245 daAuts
